Match 47160835
Unlisted

Match 47160835
End
Construct Infanterie Kompanie
Selects Terror Battlegroup
Selects Terror Battlegroup
MG 42 Machine Gun Team
Selects Machine Gun Camouflage
GrW 34 Mortar Team
MG 42 Machine Gun Team
GrW 34 Mortar Team
Construct Luftwaffe Kompanie
Jäger Squad
Selects Interrogate
Support Elements
Jäger Squad
MG 42 Bunker
Wirbelwind Flakpanzer
MG 42 Machine Gun Team
Infanterie Officer Quarters
Medical Station
Jäger Squad
Construct Panzergrenadier Kompanie
Luftwaffe Officer Quarters
MG 42 Bunker
Selects No Quarter
Wirbelwind Flakpanzer
MG 42 Bunker
Marder III M Tank Destroyer
Selects King Tiger Heavy Tank
King Tiger Heavy Tank
Selects Propaganda Leaflet Drop
Bombardiro Crocodilo
Mangoz-_-
Yoddha
BlauBarschBube
Philippine Marine
Goldstein
0
0

Comments sign in to comment!

No comments posted yet!